 Dungeon Crawl Stone Soup version 0.25.0-11-g1f837a76a1 (webtiles) character file.

Game seed: 4294943351970904927

61505 Ge0ff the Unseen (level 14, -23/69 HPs)
             Began as a Spriggan Enchanter on June 24, 2020.
             Was a High Priest of Dithmenos.
             Shot with a bolt by a naga sharpshooter (38 damage)
             ... on level 4 of the Snake Pit.
             The game lasted 01:44:57 (22200 turns).

Ge0ff the Unseen (Spriggan Enchanter)              Turns: 22200, Time: 01:44:58

Health: -23/69     AC: 17    Str:  4    XL:     14   Next: 60%
Magic:  29/29      EV: 29    Int: 29    God:    Dithmenos [*****.]
Gold:   519        SH:  7    Dex: 24    Spells: 16/33 levels left

rFire    + . .     SeeInvis +   a - +9 dagger (elec)
rCold    . . .     Gourm    .   H - +0 buckler
rNeg     + . .     Faith    .   e - +2 robe {rF+}
rPois    .         Spirit   .   Q - +2 hat {Int+3}
rElec    .         Reflect  .   o - +2 cloak
rCorr    .         Harm     .   (gloves unavailable)
MR       ++...                  (boots unavailable)
Stlth    ++++++++++             D - amulet of magic regeneration
HPRegen  0.21/turn              t - ring of Robustness {AC+8, =R}
MPRegen  0.46/turn              w - ring "Femur" {rN+ Int+6 Dex+6}

@: wreathed by umbra, very quick
A: very small, unfitting armour, see invisible, herbivore, speed 3, slow
metabolism 2
a: Shadow Step, Shadow Form, Renounce Religion


You were on level 4 of the Snake Pit.
You worshipped Dithmenos.
Dithmenos was extremely pleased with you.
You were hungry.

You visited 6 branches of the dungeon, and saw 25 of its levels.
You also visited: Ossuary and Ice Cave.

You collected 2517 gold pieces.
You spent 1998 gold pieces at shops.

Inventory:

Hand Weapons
 a - a +9 dagger of electrocution (weapon)
 b - a +2 short sword of speed
Missiles
 g - 4 throwing nets {=f}
 v - 14 boomerangs (quivered)
 F - 298 arrows
 J - 11 atropa-tipped darts
Armour
 e - a +2 robe of fire resistance (worn)
 n - +0 acid dragon scales
 o - a +2 cloak (worn)
 G - a +1 troll leather armour
 H - a +0 buckler (worn)
 Q - a +2 hat of intelligence (worn)
Jewellery
 k - an uncursed ring of protection from fire
 l - a +4 ring of slaying
 t - the ring of Robustness (left hand) {AC+8, =R}
   (You found it on level 10 of the Dungeon)

   [ring of protection]

   It affects your AC (+8).
 w - the ring "Femur" (right hand) {rN+ Int+6 Dex+6}
   (You bought it in a shop on level 5 of the Dungeon)

   [ring of intelligence]

   It affects your intelligence (+6).
   It affects your dexterity (+6).
   It protects you from negative energy.
 D - an amulet of magic regeneration (around neck)
 R - an uncursed ring of protection from cold
Wands
 d - a wand of digging (4)
 f - a wand of flame (61)
 j - a wand of acid (13)
 p - a wand of paralysis (25)
 s - a wand of disintegration (16)
 x - a wand of random effects (3)
 P - a wand of polymorph (5)
Scrolls
 m - a scroll of magic mapping
 u - a scroll of holy word
 y - 6 scrolls of immolation
 B - 3 scrolls of blinking
 C - 12 scrolls of remove curse
 E - 2 scrolls of fear
 T - 12 scrolls of teleportation
 V - a scroll of vulnerability
 Y - 4 scrolls of enchant armour
Potions
 q - 10 potions of curing
 z - 5 potions of brilliance
 A - 4 potions of mutation
 I - 3 potions of invisibility
 K - a potion of magic {!q}
 L - 4 potions of stabbing
 M - a potion of might
 N - a potion of cancellation {!q}
 S - 6 potions of haste {!q}
 W - 3 potions of heal wounds {!q}
 X - 4 potions of flight
 Z - 3 potions of berserk rage {!q}
Miscellaneous
 O - a box of beasts
 U - 2 phantom mirrors
Comestibles
 r - 15 rations


   Skills:
 + Level 5.9 Fighting
 - Level 10.0 Short Blades
 + Level 10.4 Dodging
 + Level 16.4 Stealth
 - Level 2.0 Shields
 - Level 10.0 Spellcasting
 - Level 3.0 Conjurations
 - Level 10.0 Hexes
 - Level 4.0 Charms
 - Level 1.0 Necromancy
 - Level 7.0 Translocations
 - Level 3.0 Transmutations
 - Level 3.0 Ice Magic
 - Level 2.0 Air Magic
 * Level 11.5 Invocations
 + Level 9.2 Evocations


You had 16 spell levels left.
You knew the following spells:

 Your Spells              Type           Power        Failure   Level  Hunger
a - Sticks to Snakes      Tmut           ####....     2%          2    None
d - Tukima's Dance        Hex            ######..     1%          3    None
g - Apportation           Tloc           ######       1%          1    None
k - Ensorcelled Hibernat  Hex/Ice        ######       1%          2    None
m - Dazzling Flash        Conj/Hex       ######       1%          3    None
q - Swiftness             Chrm/Air       ####....     2%          2    None
t - Confusing Touch       Hex            ######..     1%          3    None
z - Animate Skeleton      Necr           N/A          3%          1    None

Your spell library contained the following spells:

 Spells                   Type           Power        Failure   Level  Hunger
 Beastly Appendage        Tmut           ####..       1%          1    None
 Corona                   Hex            ######.      1%          1    None
 Shock                    Conj/Air       ####         1%          1    None
 Summon Small Mammal      Summ           ##..         5%          1    None
 Static Discharge         Conj/Air       ####....     6%          3    None
 Spider Form              Tmut/Pois      ###.......   9%          3    None
 Ice Form                 Ice/Tmut       ####....     16%         4    None
 Airstrike                Air            ####......   24%         4    None
 Blade Hands              Tmut           ####......   41%         5    ###....
 Lightning Bolt           Conj/Air       ####......   47%         5    ###....


Dungeon Overview and Level Annotations

Branches:
Dungeon (11/15)            Temple (1/1) D:4            Lair (6/6) D:11
 Shoals (1/4) Lair:2        Snake (4/4) Lair:4        Slime (0/5) Lair:6
    Orc (2/2) D:9             Elf (0/3) Orc:2       Ossuary (visited)
  IceCv (visited)

Altars:
Cheibriados
Dithmenos
Fedhas
Gozag
Hepliaklqana
Kikubaaqudgha
Makhleb
Nemelex Xobeh
Okawaru
Qazlal
Ru
Sif Muna
Trog
Uskayaw
Vehumet
Wu Jian
Xom
Yredelemnul
The Shining One
Jiyva

Shops:
D:5 *   D:10 **   Orc:2 }*%*   Snake:4 =[

Annotations:
Lair:4 Urug
Lair:6 Rupert
Snake:3 Azrael
Snake:4 exclusion: upstairs, Roxanne


Innate Abilities, Weirdness & Mutations

You are very small and have problems with some larger weapons.
You are too small for most types of armour.
You have supernaturally acute eyesight. (SInv)
You are a herbivore.
You cover ground extremely quickly.
You need to consume almost no food.


Message History

A naga ritualist and a salamander mystic come into view.
The naga ritualist is wielding a +0 scimitar of venom.
A salamander mystic comes into view. It is wielding a +0 scimitar.
The salamander mystic points at something and mumbles some strange words.
There is a stone staircase leading up here.
Really walk into that teleport trap?
You enter a teleport trap!
The teleport trap disappears.
Your surroundings suddenly seem different.
You see here a +0 long sword.
Okay, then.
You start resting.
The salamander mystic is too close now for your liking.
You start resting.
Your magical contamination has completely faded away.
The naga sharpshooter is too close now for your liking.
The naga sharpshooter gestures wildly while chanting.
The naga sharpshooter magically shoots a bolt.
The bolt hits you!!!
Ouch! That really hurt!
You die...

...#.#..####.......# #####.....#.
#########.........## #...+....##.
..N...............# ##...##...##.
..########........###.....#....#.
.## ##........# #....#....#. ##
##.......# #....'...##. #
##......###....#...'..
##.....##.....#...#..
#..@..###.#'##...##) ##....#
###.......#. #....# #....##.###.
#......#########..)
#..................
#.......N..........
#..................
##..............k..
##................


You could see a naga sharpshooter.

Vanquished Creatures
  Gastronok (D:10)
  A stone giant (Orc:2)
  Snorg (D:10)
  Josephine (D:10)
  Fannar (Lair:1)
  Harold (D:8)
  5 naga warriors
  2 anacondas
  A hydra (Lair:3)
  A centaur warrior (Orc:2)
  Erica (D:8)
  2 two-headed ogres (D:10)
  A shock serpent (Snake:4)
  Nergalle (D:11)
  2 salamander mystics (Snake:3)
  2 naga ritualists
  3 harpies (Shoals:1)
  Pikel (D:5)
  4 orc sorcerers
  5 salamanders
  A mana viper (Snake:3)
  2 ugly things (IceCv)
  3 orc knights
  5 fauns (Shoals:1)
  3 naga magi (Snake:4)
  An elephant (Lair:4)
  Joseph (D:9)
  2 merfolk sirens (Shoals:1)
  20 black mambas
  A gargoyle (D:10)
  Maggie (D:9)
  4 spiny frogs
  A komodo dragon (Lair:5)
  6 trolls
  2 hornets (D:10)
  A merfolk (Shoals:1)
  2 polar bears (Lair:5)
  Grinder (D:4)
  2 dream sheep (Lair:2)
  A snapping turtle (Lair:2)
  10 blink frogs
  7 hippogriffs
  Sigmund (D:4)
  2 wraiths (D:11)
  27 yaks
  Eustachio (D:5)
  2 basilisks
  2 hungry ghosts
  Edmund (D:5)
  6 nagas
  9 water moccasins
  Duvessa (D:5)
  28 orc warriors
  5 black bears
  2 ice beasts
  6 porcupines
  2 sky beasts
  2 slaves (D:5)
  13 ogres
  4 phantoms
  A wolf (Lair:2)
  12 crocodiles
  17 centaurs
  2 big kobolds (D:10)
  8 bullfrogs
  Dowan (D:5)
  A scorpion (D:5)
  A wyvern skeleton (D:9)
  3 killer bees (D:10)
  3 wights (D:10)
  3 howler monkeys
  An electric eel (Lair:2)
  A bullfrog zombie (D:7)
  8 crimson imps
  3 centaur zombies
  7 hounds
  A jelly (D:5)
  2 centaur skeletons
  8 orc priests
  9 orc wizards
  A bullfrog skeleton (D:6)
  5 iguanas
  12 worker ants
  A big kobold zombie (Ossuary)
  3 hound zombies
  3 hound skeletons
  8 mummies (Ossuary)
  A howler monkey zombie (D:5)
  2 worker ant zombies
  Robin (D:4)
  4 gnolls (D:7)
  13 adders
  2 shadow imps
  12 white imps (Lair:5)
  2 oozes
  An adder zombie (D:7)
  3 adder skeletons
  11 worms
  5 dart slugs
  8 leopard geckos
  60 orcs
  2 ball pythons
  8 bats
  3 giant cockroaches
  5 goblins
  9 hobgoblins
  3 jackals (D:5)
  14 kobolds
  8 quokkas
  8 frilled lizards
  A hobgoblin zombie (Ossuary)
  4 kobold zombies (Ossuary)
  2 leopard gecko skeletons
  2 orc zombies (Ossuary)
  9 rats
  2 plants
558 creatures vanquished.

Vanquished Creatures (collateral kills)
  An orc warrior (Orc:1)
1 creature vanquished.

Vanquished Creatures (others)
  A dancing weapon (Shoals:1)
  8 fungi
  9 plants
18 creatures vanquished.

Grand Total: 577 creatures vanquished

Notes
Turn   | Place    | Note
-------+----------+-------------------------------------------
     0 | D:1      | Ge0ff the Spriggan Enchanter began the quest for the Orb.
     0 | D:1      | Reached XP level 1. HP: 9/9 MP: 5/5
   205 | D:1      | Reached XP level 2. HP: 13/13 MP: 5/7
   232 | D:1      | Learned a level 2 spell: Ensorcelled Hibernation
   478 | D:1      | Reached skill level 5 in Stealth
   826 | D:1      | Reached XP level 3. HP: 16/16 MP: 3/8
  1522 | D:2      | Reached XP level 4. HP: 17/21 MP: 1/9
  2447 | D:3      | Reached skill level 1 in Ice Magic
  3171 | D:4      | Reached XP level 5. HP: 24/24 MP: 11/11
  3294 | D:4      | Learned a level 3 spell: Confusing Touch
  3298 | D:4      | Learned a level 3 spell: Tukima's Dance
  3416 | D:4      | Noticed Sigmund
  3420 | D:4      | Reached skill level 5 in Hexes
  3424 | D:4      | Killed Sigmund
  3424 | D:4      | Reached skill level 6 in Stealth
  3424 | D:4      | Reached XP level 6. HP: 28/28 MP: 9/12
  3559 | D:4      | Learned a level 3 spell: Dazzling Flash
  3628 | D:4      | Reached XP level 7. HP: 32/32 MP: 11/14
  3630 | D:4      | Found a staircase to the Ecumenical Temple.
  3642 | Temple   | Entered the Ecumenical Temple
  3650 | Temple   | Became a worshipper of Dithmenos the Shadowed
  3770 | D:4      | Noticed Robin
  3799 | D:4      | Killed Robin
  4070 | D:4      | Noticed Grinder
  4088 | D:4      | Killed Grinder
  4451 | D:5      | Entered Level 5 of the Dungeon
  4502 | D:4      | HP: 1/32 [orc priest/nerve-wracking pain (13)]
  4853 | D:4      | Reached skill level 5 in Short Blades
  5013 | D:5      | Found an iron altar of Okawaru.
  5081 | D:5      | Found Qofeut's General Store.
  5094 | D:5      | Noticed Duvessa
  5094 | D:5      | Noticed Dowan
  5221 | D:5      | Reached skill level 7 in Stealth
  5406 | D:5      | Reached skill level 5 in Spellcasting
  5406 | D:5      | Reached XP level 8. HP: 28/36 MP: 14/16
  5450 | D:5      | Noticed Edmund
  5469 | D:5      | Killed Edmund
  5477 | D:5      | Killed Duvessa
  5477 | D:5      | Reached * piety under Dithmenos
  5481 | D:5      | Killed Dowan
  5821 | D:5      | Reached skill level 8 in Stealth
  6402 | D:5      | Noticed Pikel
  6423 | D:5      | Killed Pikel
  6423 | D:5      | Reached XP level 9. HP: 39/39 MP: 13/19
  6445 | D:5      | Noticed a moth of wrath
  6445 | D:5      | Noticed Eustachio
  6499 | D:5      | Killed Eustachio
  6522 | D:5      | Found a bloodstained altar of Trog.
  6532 | D:5      | Reached ** piety under Dithmenos
  6798 | D:6      | Reached skill level 9 in Stealth
  6798 | D:6      | Reached skill level 1 in Evocations
  6957 | D:6      | Reached skill level 1 in Invocations
  6975 | D:6      | Found a radiant altar of Vehumet.
  6979 | D:6      | Found a glowing golden altar of the Shining One.
  7233 | D:7      | Reached skill level 1 in Fighting
  7258 | D:7      | Found a shimmering altar of Xom.
  7385 | D:7      | Reached skill level 1 in Conjurations
  7402 | D:7      | Found a sand-covered staircase.
  7434 | Ossuary  | Entered an ossuary
  7455 | Ossuary  | Reached *** piety under Dithmenos
  8182 | D:8      | Found a sparkling altar of Nemelex Xobeh.
  8184 | D:8      | Noticed Harold
  8245 | D:8      | Found a blossoming altar of Fedhas.
  8254 | D:8      | Found an ancient bone altar of Kikubaaqudgha.
  8254 | D:8      | Found a snail-covered altar of Cheibriados.
  8256 | D:8      | Found a hide-covered altar of Uskayaw.
  8257 | D:8      | Found a hazy altar of Hepliaklqana.
  8295 | D:8      | Reached XP level 10. HP: 46/46 MP: 21/21
  8412 | D:8      | Noticed Erica
  8419 | D:8      | Killed Erica
  8595 | D:8      | Found an ornate altar of the Wu Jian Council.
  8692 | D:8      | Killed Harold
  8692 | D:8      | Reached skill level 10 in Hexes
  8815 | D:9      | Reached skill level 5 in Dodging
  8843 | D:9      | Noticed Joseph
  8844 | D:9      | Reached skill level 10 in Stealth
  8849 | D:9      | Killed Joseph
  9100 | D:9      | Noticed Maggie
  9108 | D:9      | Killed Maggie
  9143 | D:9      | Reached **** piety under Dithmenos
  9484 | D:9      | Found a staircase to the Orcish Mines.
  9993 | D:10     | Entered Level 10 of the Dungeon
 10092 | D:10     | Noticed a gargoyle
 10098 | D:10     | Killed a gargoyle
 10098 | D:10     | Reached XP level 11. HP: 51/51 MP: 24/24
 10108 | D:10     | Noticed a two-headed ogre
 10115 | D:10     | Killed a two-headed ogre
 10363 | D:10     | Learned a level 1 spell: Apportation
 10365 | D:10     | Learned a level 1 spell: Animate Skeleton
 10369 | D:10     | Noticed Maurice
 10379 | D:10     | Noticed Maurice
 10379 | D:10     | Maurice changed into Maurice the hornet
 10384 | D:10     | Killed Maurice the hornet
 10414 | D:10     | Found the ring of Robustness {AC+8}
 10559 | D:10     | Found Fupatsig's General Store.
 10592 | D:10     | Found Congaciroa's Assorted Antiques.
 10608 | D:10     | Bought a metallic silvery potion for 24 gold pieces
 10608 | D:10     | Bought a scroll labeled NELOWE REWO for 27 gold pieces
 10927 | D:10     | Noticed a two-headed ogre
 10934 | D:10     | Killed a two-headed ogre
 10934 | D:10     | Reached skill level 1 in Translocations
 10943 | D:10     | Reached skill level 5 in Evocations
 10971 | D:10     | Noticed Snorg
 11081 | D:10     | Killed Snorg
 11081 | D:10     | Reached skill level 11 in Stealth
 11081 | D:10     | Reached skill level 1 in Necromancy
 11117 | D:10     | Noticed Gastronok
 11233 | D:10     | Killed Gastronok
 11787 | D:10     | Bought an embroidered robe for 99 gold pieces
 11847 | D:11     | Reached ***** piety under Dithmenos
 11849 | D:11     | Noticed Nergalle
 12045 | D:11     | Reached skill level 1 in Shields
 12080 | D:11     | Killed Nergalle
 12080 | D:11     | Reached XP level 12. HP: 58/58 MP: 26/26
 12140 | D:11     | Reached skill level 10 in Short Blades
 12144 | D:11     | Learned a level 2 spell: Swiftness
 12147 | D:11     | Noticed Josephine
 12200 | D:11     | Found a staircase to the Lair.
 12262 | D:11     | Reached skill level 1 in Charms
 12301 | D:11     | Reached skill level 12 in Stealth
 12396 | D:11     | Noticed an ogre mage
 12429 | Lair:1   | Entered Level 1 of the Lair of Beasts
 12447 | Lair:1   | Reached skill level 10 in Spellcasting
 12584 | Lair:1   | Noticed Fannar
 12591 | Lair:1   | Killed Fannar
 12591 | Lair:1   | Reached skill level 1 in Air Magic
 12728 | Lair:1   | Reached skill level 5 in Invocations
 13024 | Lair:2   | Found the +8 storm bow {elec, penet}
 13341 | Lair:2   | Found a shimmering blue altar of Sif Muna.
 13829 | Lair:4   | Reached skill level 5 in Translocations
 13849 | Lair:3   | Noticed a six-headed hydra
 13861 | Lair:3   | Killed a six-headed hydra
 13861 | Lair:3   | Reached skill level 13 in Stealth
 13871 | Lair:4   | Found a staircase to the Snake Pit.
 13988 | Lair:4   | Noticed Urug
 14168 | Lair:5   | Noticed an eight-headed hydra
 14411 | Lair:5   | Found a frozen archway.
 14466 | IceCv    | Entered an ice cave
 14467 | IceCv    | Found a transporter.
 14479 | IceCv    | Found a transporter.
 14662 | Lair:6   | Entered Level 6 of the Lair of Beasts
 14792 | Lair:6   | Reached XP level 13. HP: 54/63 MP: 25/28
 14816 | Lair:6   | Found a staircase to the Slime Pits.
 14817 | Lair:6   | Found a viscous altar of Jiyva.
 14828 | Lair:6   | Noticed Rupert
 15473 | D:10     | Killed Josephine
 15506 | Orc:1    | Entered Level 1 of the Orcish Mines
 15994 | Orc:2    | Entered Level 2 of the Orcish Mines
 16331 | Orc:1    | Reached skill level 14 in Stealth
 16504 | Orc:2    | Noticed a stone giant
 16688 | Orc:2    | Reached ****** piety under Dithmenos
 17620 | Orc:2    | Killed a stone giant
 17625 | Orc:2    | Found a staircase to the Elven Halls.
 18083 | Orc:2    | Learned a level 2 spell: Sticks to Snakes
 18683 | Orc:2    | Reached skill level 15 in Stealth
 18683 | Orc:2    | Reached skill level 1 in Transmutations
 18713 | Orc:2    | Found Jempon's Assorted Antiques.
 18713 | Orc:2    | Found Iluberis's Food Shop.
 18718 | Orc:2    | Found Ossah's Assorted Antiques.
 18720 | Orc:2    | Found Fuhushre's Gadget Shoppe.
 19244 | Orc:2    | Bought a scroll of blinking for 217 gold pieces
 19244 | Orc:2    | Bought a scroll of magic mapping for 101 gold pieces
 19339 | D:10     | Bought a scroll of blinking for 202 gold pieces
 19339 | D:10     | Bought a scroll of teleportation for 81 gold pieces
 19339 | D:10     | Bought a scroll of teleportation for 81 gold pieces
 19447 | D:5      | Bought a scroll of enchant weapon for 97 gold pieces
 19725 | Lair:2   | Found a staircase to the Shoals.
 19739 | Shoals:1 | Entered Level 1 of the Shoals
 19820 | Shoals:1 | Noticed a kraken
 20081 | Shoals:1 | Reached skill level 10 in Invocations
 20535 | D:5      | Bought the ring "Femur" {rN+ Int+6 Dex+6} for 1069 gold
                  | pieces
 20800 | Lair:4   | Reached skill level 5 in Fighting
 20820 | Snake:1  | Entered Level 1 of the Snake Pit
 20825 | Snake:1  | Reached XP level 14. HP: 68/68 MP: 29/29
 21052 | Snake:4  | Entered Level 4 of the Snake Pit
 21110 | Snake:4  | Identified Roxanne's Disquisition on the Mountains
 21110 | Snake:4  | Noticed Roxanne
 21111 | Snake:4  | Noticed a nagaraja
 21258 | Snake:3  | Reached skill level 16 in Stealth
 21349 | Snake:3  | Noticed Azrael
 21365 | Snake:4  | Reached skill level 10 in Dodging
 21432 | Snake:4  | Found Oduiwk's Jewellery Emporium.
 21433 | Snake:4  | Found Arafoc's Antique Armour Emporium.
 21872 | Snake:4  | Noticed a nagaraja
 21983 | Snake:4  | Noticed a nagaraja
 22200 | Snake:4  | Shot with a bolt by a naga sharpshooter

Illustrated notes

Levels and vault maps discovered:
D:1:      dpeg_arrival_tiny_k, layout_loops_ring
D:2:      layout_loops_cross
D:3:      layout_basic, first_ration
D:4:      layout_basic, minmay_temple_entry_poolview, uniq_sigmund,
          uniq_grinder, uniq_robin
D:5:      layout_rooms, tgw_trog, kennysheep_okawaru_gauntlet, serial_bayou,
          serial_bayou_pond_a, serial_bayou_ford_a, serial_bayou_pond_b,
          serial_bayou_lake_a, serial_shops, kennysheep_mini_moat, uniq_duvessa,
          uniq_pikel, uniq_eustachio, uniq_edmund
D:6:      layout_loops_cross, minitemple
D:7:      layout_rooms, xom_teletrap_fun, nicolae_ossuary_entry_monument,
          hex_medium
D:8:      layout_basic, lemuel_coloured_pillars_altar,
          grunt_temple_overflow_open, nemelex_xobeh_ov_fountains_minmay,
          uniq_erica, uniq_harold
D:9:      layout_loops_ring, david_orc_2, uniq_joseph, uniq_maggie
D:10:     layout_gridville, serial_shops, shop,
          nicolae_shop_competitors_out_of_business, uniq_snorg, uniq_maurice,
          uniq_gastronok
D:11:     layout_roguey, minmay_lair_entry_grove, uniq_josephine, uniq_nergalle
Temple:   eino_temple_lava
Lair:1:   beast_lair_carwin_large_2, layout_loops_ring, uniq_fannar
Lair:2:   layout_roguey, minmay_shoals_entry_hut, basic_altar,
          wad_woods_river_01
Lair:3:   layout_cave_pods, serial_bayou_pond_b, st_stairs_5, fungi_pond_lemuel,
          grunt_megastairs_4
Lair:4:   layout_cave_pods, minmay_snake_entry_guardpost_small, uniq_urug
Lair:5:   layout_long_grid, portal_ice_cave_entry_imps, guppyfry_lair_drakes
Lair:6:   guppyfry_lair_end_dragon, layout_gridlike,
          hangedman_lair_caniforms_friends, slime_altar_1, st_stairs_11,
          infiniplex_staircase_pool_2, uniq_rupert
Shoals:1: layout_shoals, nicolae_shoals_undead_eyrie, uniq_donald
Snake:1:  layout_grid_shapes, lemuel_oklob_altar
Snake:2:  layout_misc_corridors, serial_bayou, serial_bayou_pond_d,
          serial_bayou_crossing, serial_bayou_pond_d, serial_bayou_shore_b
Snake:3:  layout_onion_interference, uniq_azrael
Snake:4:  snake_pit_salamanders_mu, layout_cave_town, minmay_shop_star,
          uniq_roxanne
Orc:1:    layout_caves
Orc:2:    st_orc_rangers, layout_diamond_mine, minmay_orc_keep

Skill      XL: |  1  2  3  4  5  6  7  8  9 10 11 12 13 14 |
---------------+-------------------------------------------+-----
Spellcasting   | 3 4 5 6 7 8 9 10 | 10.0
Hexes          | 4 5 7 8 9 10 | 10.0
Stealth        | 5 6 7 8 9 10 11 13 15 16 | 16.4
Short Blades   | 2 3 4 5 7 8 9 10 | 10.0
Ice Magic      | 1 2 3 |  3.0
Evocations     | 2 4 5 7 9 |  9.2
Invocations    | 1 3 4 6 10 11 | 11.5
Fighting       | 1 2 3 4 5 |  5.9
Dodging        | 4 5 7 8 9 10 | 10.4
Conjurations   | 1 2 3 |  3.0
Translocations | 3 6 7 |  7.0
Necromancy     | 1 |  1.0
Shields        | 1 2 |  2.0
Charms         | 4 |  4.0
Air Magic      | 2 |  2.0
Transmutations | 3 |  3.0

Action                   |  1- 3 |  4- 6 |  7- 9 | 10-12 | 13-15 || total
-------------------------+-------+-------+-------+-------+-------++-------
Melee: Dagger            |   111 |    80 |   273 |   277 |   261 ||  1002
       Rapier            |       |       |   123 |       |       ||   123
       Short sword       |       |       |    16 |    17 |       ||    33
Throw: Boomerang         |       |     7 |    68 |    26 |    41 ||   142
       Dart              |       |       |       |    28 |     2 ||    30
       Throwing net      |       |       |       |       |     1 ||     1
 Cast: Corona            |     2 |       |       |       |       ||     2
       Ensorcelled Hiber |    25 |    31 |    86 |   153 |   204 ||   499
       Confusing Touch   |       |     1 |    25 |    15 |     9 ||    50
       Tukima's Dance    |       |       |     1 |       |     6 ||     7
       Apportation       |       |       |       |    11 |    24 ||    35
       Dazzling Flash    |       |       |       |       |     1 ||     1
Invok: Shadow Step       |       |       |       |       |     6 ||     6
       Shadow Form       |       |       |       |       |     1 ||     1
 Abil: End Transformatio |       |       |       |       |     1 ||     1
Evoke: Wand              |       |       |       |    26 |    34 ||    60
  Use: Scroll            |       |     2 |     5 |    24 |    10 ||    41
       Potion            |       |       |       |       |     1 ||     1
 Stab: Sleeping          |    22 |    35 |    84 |   143 |   156 ||   440
       Confused          |       |     1 |    28 |    15 |    10 ||    54
       Distracted        |       |       |       |       |     3 ||     3
       Invisible         |       |       |       |       |     3 ||     3
       Held in net/web   |       |       |       |       |     1 ||     1
       Paralysed         |       |       |       |       |     1 ||     1
  Eat: Ration            |       |     1 |     4 |     3 |     3 ||    11
Armor: Robe              |    19 |     1 |     1 |    19 |    41 ||    81
       Animal skin       |       |       |    10 |     4 |       ||    14
Dodge: Dodged            |    98 |    41 |   102 |   173 |   240 ||   654
Block: Buckler           |       |       |       |    35 |    70 ||   105

Levels and vault maps discovered:
D:1:      dpeg_arrival_tiny_k, layout_loops_ring
D:2:      layout_loops_cross
D:3:      layout_basic, first_ration
D:4:      layout_basic, minmay_temple_entry_poolview, uniq_sigmund,
          uniq_grinder, uniq_robin
D:5:      layout_rooms, tgw_trog, kennysheep_okawaru_gauntlet, serial_bayou,
          serial_bayou_pond_a, serial_bayou_ford_a, serial_bayou_pond_b,
          serial_bayou_lake_a, serial_shops, kennysheep_mini_moat, uniq_duvessa,
          uniq_pikel, uniq_eustachio, uniq_edmund
D:6:      layout_loops_cross, minitemple
D:7:      layout_rooms, xom_teletrap_fun, nicolae_ossuary_entry_monument,
          hex_medium
D:8:      layout_basic, lemuel_coloured_pillars_altar,
          grunt_temple_overflow_open, nemelex_xobeh_ov_fountains_minmay,
          uniq_erica, uniq_harold
D:9:      layout_loops_ring, david_orc_2, uniq_joseph, uniq_maggie
D:10:     layout_gridville, serial_shops, shop,
          nicolae_shop_competitors_out_of_business, uniq_snorg, uniq_maurice,
          uniq_gastronok
D:11:     layout_roguey, minmay_lair_entry_grove, uniq_josephine, uniq_nergalle
Temple:   eino_temple_lava
Lair:1:   beast_lair_carwin_large_2, layout_loops_ring, uniq_fannar
Lair:2:   layout_roguey, minmay_shoals_entry_hut, basic_altar,
          wad_woods_river_01
Lair:3:   layout_cave_pods, serial_bayou_pond_b, st_stairs_5, fungi_pond_lemuel,
          grunt_megastairs_4
Lair:4:   layout_cave_pods, minmay_snake_entry_guardpost_small, uniq_urug
Lair:5:   layout_long_grid, portal_ice_cave_entry_imps, guppyfry_lair_drakes
Lair:6:   guppyfry_lair_end_dragon, layout_gridlike,
          hangedman_lair_caniforms_friends, slime_altar_1, st_stairs_11,
          infiniplex_staircase_pool_2, uniq_rupert
Shoals:1: layout_shoals, nicolae_shoals_undead_eyrie, uniq_donald
Snake:1:  layout_grid_shapes, lemuel_oklob_altar
Snake:2:  layout_misc_corridors, serial_bayou, serial_bayou_pond_d,
          serial_bayou_crossing, serial_bayou_pond_d, serial_bayou_shore_b
Snake:3:  layout_onion_interference, uniq_azrael
Snake:4:  snake_pit_salamanders_mu, layout_cave_town, minmay_shop_star,
          uniq_roxanne
Orc:1:    layout_caves
Orc:2:    st_orc_rangers, layout_diamond_mine, minmay_orc_keep
